Map: Prion Terraces

Players

HuK

  • Race: Protoss Protoss

Nerchio - Winner!

  • Race: Zerg Zerg

Event: 2016 WCS Winter Circuit Championship

VOD

Have the link to the VOD?

Description

Time

  • Played on: March 4, 2016, 12:03 p.m.
  • Length: 7:16

All games in this series

Show
View Real Time Build Order
Export as new Build Order

HuK Protoss 

Build Orders: 1 Gate Expand, Mass Adepts, Dark Templar Rush 

Get SALT Encoding   

  12  0:01  Probe (Chrono Boost)  
  13  0:11  Probe (Chrono Boost)  
  14  0:19  Pylon  
  14  0:22  Probe (Chrono Boost)  
  15  0:37  Probe (Chrono Boost)  
  15  0:38  Gateway  
  15  0:42  Assimilator  
  16  0:47  Probe (Chrono Boost)  
  17  0:58  Probe (Chrono Boost)  
  18  1:08  Probe (Chrono Boost)  
  19  1:19  Probe (Chrono Boost)  
  19  1:25  Cybernetics Core  
  20  1:29  Probe (Chrono Boost)  
  21  1:35  Nexus  
  21  1:39  Pylon  
  21  1:41  Pylon  
  21  1:44  Probe (Chrono Boost)  
  22  1:50  Assimilator  
  22  1:55  Probe (Chrono Boost)  
  23  2:01  Stalker (Chrono Boost)  
  23  2:04  Warp Gate  
  23  2:07  Probe  
  26  2:20  Probe (Chrono Boost)  
  27  2:28  Twilight Council  
  27  2:31  Probe (Chrono Boost)  
  27  2:35  Gateway  
  28  2:42  Probe (Chrono Boost)  
  29  2:47  Probe (Chrono Boost)  
  30  2:52  Probe (Chrono Boost)  
  31  2:58  Probe (Chrono Boost)  
  31  2:59  Gateway  
  31  3:05  Resonating Glaives (Chrono Boost), Probe  
  32  3:10  Probe  
  34  3:17  Dark Shrine  
  34  3:20  Probe  
  34  3:21  Probe, Adept  
  34  3:24  Pylon  
  38  3:32  Probe  
  38  3:33  Probe  
  39  3:39  Pylon  
  40  3:43  Mothership Core  
  42  4:05  Gateway  
  42  4:07  Adept x3  
  46  4:13  Probe  
  45  4:17  Gateway  
  45  4:19  Pylon  
  45  4:22  Pylon  
  45  4:25  Probe  
  45  4:28  Probe, Adept x3  
  53  4:39  Probe  
  53  4:43  Pylon  
  54  4:47  Nexus  
  54  4:50  Adept x3  
  59  5:01  Probe  
  59  5:03  Probe  
  61  5:09  Adept  
  63  5:19  Pylon  
  63  5:22  Pylon  
  63  5:25  Dark Templar x2  
  62  5:30  Probe  
  62  5:31  Probe  
  64  5:39  Adept x2  
  68  5:47  Gateway  
  68  5:48  Forge  
  68  5:49  Gateway  
  64  5:52  Gateway  
  64  5:53  Gateway  
  64  5:55  Gateway  
  64  6:01  Adept  
  64  6:02  Adept x3  
  62  6:10  Pylon  
  62  6:11  Pylon  
  60  6:13  Assimilator  
  60  6:14  Assimilator  
  56  6:21  Adept x2  
  59  6:33  Adept  
  59  6:37  Adept  
  63  6:45  Adept x2  
  61  6:54  Adept  
  61  6:58  Photon Cannon  
  63  7:04  Adept x5  
Show
View Real Time Build Order
Export as new Build Order

Nerchio Zerg - Winner!

Build Orders: Hatch First 

Get SALT Encoding   

  12  0:01  Drone  
  13  0:13  Overlord  
  13  0:17  Drone  
  14  0:31  Drone x2  
  14  0:35  Drone  
  17  0:52  Hatchery  
  17  0:54  Drone  
  17  0:58  Drone  
  17  1:00  Extractor  
  17  1:14  Spawning Pool  
  17  1:17  Drone  
  17  1:20  Drone  
  18  1:29  Drone  
  19  1:39  Overlord  
  19  2:01  Queen  
  19  2:02  Zergling x2  
  19  2:03  Queen  
  19  2:06  Metabolic Boost  
  24  2:11  Drone  
  24  2:14  Drone  
  26  2:17  Drone  
  26  2:19  Drone  
  26  2:22  Drone  
  29  2:27  Zergling x2  
  30  2:32  Drone  
  31  2:38  Drone  
  32  2:45  Hatchery  
  32  2:47  Drone x2  
  33  2:55  Overlord  
  33  2:56  Evolution Chamber  
  32  3:00  Zergling x2  
  32  3:05  Zergling x2  
  34  3:10  Overlord, Zergling x4  
  36  3:13  Overlord  
  36  3:14  Zergling x6  
  36  3:18  Extractor, Drone  
  39  3:24  Drone  
  40  3:27  Drone  
  40  3:30  Queen  
  43  3:34  Drone  
  43  3:39  Drone  
  45  3:45  Drone x3  
  45  3:46  Drone  
  48  3:49  Roach Warren  
  48  3:50  Overlord  
  48  3:52  Drone  
  48  3:53  Drone  
  49  4:09  Zergling x2  
  49  4:10  Zergling x8  
  49  4:12  Spore Crawler  
  49  4:15  Roach Warren  
  50  4:18  Lair  
  50  4:20  Spore Crawler, Extractor  
  48  4:24  Drone x2  
  48  4:25  Drone  
  48  4:29  Roach  
  48  4:30  Roach  
  52  4:33  Roach x2  
  52  4:35  Roach  
  52  4:37  Roach  
  61  4:40  Roach  
  61  4:42  Roach  
  65  4:46  Overlord  
  65  4:50  Roach  
  65  4:51  Overlord  
  65  5:01  Drone x2  
  65  5:03  Roach x2  
  65  5:04  Spore Crawler  
  70  5:08  Roach  
  70  5:16  Overseer  
  72  5:21  Roach x3  
  73  5:28  Zergling x14  
  73  5:29  Zergling x2  
  73  5:31  Zergling x2  
  73  5:32  Zergling x2  
  73  5:34  Zergling x2  
  83  5:36  Glial Reconstitution  
  83  5:43  Roach  
  83  5:44  Roach  
  83  5:45  Roach  
  83  5:48  Roach  
  89  5:52  Roach  
  89  5:57  Drone  
  89  5:59  Drone  
  89  6:02  Roach  
  90  6:05  Overlord x2  
  90  6:07  Overlord  
  88  6:14  Roach  
  88  6:17  Drone  
  90  6:20  Overlord  
  90  6:23  Overlord  
  90  6:24  Drone x2  
  90  6:25  Drone  
  93  6:27  Drone  
  93  6:28  Drone  
  93  6:30  Drone  
  93  6:32  Drone  
  97  6:34  Drone  
  97  6:36  Extractor  
  97  6:45  Drone x2  
  96  6:49  Roach  
  96  6:50  Roach x4  
  96  6:51  Overseer  
  96  6:53  Roach  
  103  6:57  Drone x2  
Tags
 
Add a new tag
Caveats
  • Supply blocks, unpowered buildings, or Contaminate may cause inaccurate times.
  • Supply counts are checked every 10 seconds.